 Dungeon Crawl Stone Soup version 0.24-a0-517-gd52e2fb918 (webtiles) character file.

Game seed: 14122201640324033971

48 mhoghedin the Grave Robber (level 3, 0/16 HPs)
             Began as a Vine Stalker Necromancer on July 22, 2019.
             Succumbed to an adder's poison
             ... on level 2 of the Dungeon.
             The game lasted 00:02:27 (1703 turns).

mhoghedin the Grave Robber (VSNe)                   Turns: 1703, Time: 00:02:27

Health: 0/16       AC:  2    Str: 17    XL:     3   Next: 72%
Magic:  4/8        EV: 31    Int: 21    God:
Gold:   35         SH:  4    Dex: 19    Spells: 3/8 levels left

rFire    . . .     SeeInvis .   e - +0 dagger
rCold    . . .     Gourm    .   k - +0 buckler
rNeg     . . .     Faith    .   a - +0 robe
rPois    .         Spirit   +   (no helmet)
rElec    .         Reflect  .   (no cloak)
rCorr    .         Harm     .   (no gloves)
MR       .....                  (no boots)
Stlth    +++.......             f - amulet of the acrobat
HPRegen  0.05/turn              g - +2 ring of strength
MPRegen  0.11/turn              (no ring)

@: mighty, brilliant, agile, lethally poisoned (0 -> -1), acrobat
A: fangs 2, magic shield, antimagic bite, no potion heal 3, rot immunity
a: no special abilities


You were on level 2 of the Dungeon.
You were not hungry.

You visited 1 branch of the dungeon, and saw 2 of its levels.

You collected 35 gold pieces.

Inventory:

Hand Weapons
 e - a +0 dagger (weapon)
   (You took it off a goblin on level 1 of the Dungeon)
Armour
 a - a +0 robe (worn)
 k - a +0 buckler (worn)
   (You found it on level 1 of the Dungeon)
Jewellery
 f - an amulet of the acrobat (around neck)
   (You found it on level 1 of the Dungeon)
 g - a +2 ring of strength (left hand)
   (You found it on level 1 of the Dungeon)
Scrolls
 d - a scroll of identify {unknown}
 i - 2 scrolls of teleportation
Potions
 h - a potion of agility
Comestibles
 c - a ration
 l - a chunk of flesh {@w0}


   Skills:
 - Level 1.5 Dodging
 - Level 2.4 Stealth
 - Level 3.0 Spellcasting
 + Level 4.9 Necromancy


You had 3 spell levels left.
You knew the following spells:

 Your Spells              Type           Power        Failure   Level  Hunger
a - Pain                  Necr           ####         1%          1    None
x - Vampiric Draining     Necr           #####.....   1%          3    ###....
A - Animate Skeleton      Necr           N/A          1%          1    None

Your spell library contained the following spells:

 Spells                   Type           Power        Failure   Level  Hunger
 Regeneration             Chrm/Necr      ####......   3%          3    ###....
 Animate Dead             Necr           N/A          3%          4    ####...


Dungeon Overview and Level Annotations

Branches:
Dungeon (2/15)

Altars:
Kikubaaqudgha
Okawaru


Innate Abilities, Weirdness & Mutations

You have extremely sharp teeth.
When hurt, damage is shared between your health and your magic reserves.
Your bite disrupts and absorbs the magic of your enemies.
Potions cannot restore your health.
You are immune to rotting.


Message History

You see here an adder skeleton.
There isn't anything to butcher here.
Found a stone staircase leading down.
i - 2 scrolls of teleportation (gained 1)
You regained 2 mp, and now have 6/8 mp.
A goblin comes into view.
The goblin shouts!
A goblin is nearby!
You can't see any susceptible monsters within range! (Use Z to cast anyway.)
You can't see any susceptible monsters within range! (Use Z to cast anyway.)
Aim: a goblin (chance to defeat MR: 87%)
The goblin writhes in agony.
You kill the goblin!
You take 1 damage, and have 12/16 hp.
You now have 5/8 mp.
You can't see any susceptible monsters within range! (Use Z to cast anyway.)
You can't see any susceptible monsters within range! (Use Z to cast anyway.)
m - a silvery potion You open the door.
There is an open door here.
Eating one of 2 chunks of flesh {@w0}.
You eat one of the 2 chunks of flesh {@w0}.
Found an iron altar of Okawaru.
Found a stone staircase leading down.
You regained 2 hp, and now have 14/16 hp.
MP restored: 8
Found an ancient bone altar of Kikubaaqudgha.
You can't see any susceptible monsters within range! (Use Z to cast anyway.)
You open the door.
An adder comes into view.
An adder is nearby!
You can't see any susceptible monsters within range! (Use Z to cast anyway.)
There is an open door here.
You can't see any susceptible monsters within range! (Use Z to cast anyway.)
You can't see any susceptible monsters within range! (Use Z to cast anyway.)
Aim: an adder (resting, chance to defeat MR: 82%)
You miscast Pain.
You are very lightly contaminated with residual magic.
The world around you seems to dim momentarily.
You now have 7/8 mp.
Aim: an adder (resting, chance to defeat MR: 82%)
The adder hisses angrily.
The adder barely resists.
You take 1 damage, and have 14/16 hp.
You now have 6/8 mp.
Aim: an adder (chance to defeat MR: 82%)
The adder writhes in agony.
You take 1 damage, and have 13/16 hp.
You now have 5/8 mp.
Aim: an adder (moderately wounded, chance to defeat MR: 82%)
The adder barely resists.
You take 1 damage, and have 12/16 hp.
You now have 4/8 mp.
Aim: an adder (moderately wounded, chance to defeat MR: 82%)
The adder barely resists.
The adder bites you.
You are poisoned.
The adder poisons you! The adder bites you.
You take 5 damage, and have 7/16 hp.
MASSIVE DAMAGE!!
You now have 1/8 mp.
You feel sick.
There is an open door here.
You take 1 damage, and have 6/16 hp.
You feel sick.
You take 1 damage, and have 5/16 hp.
It was a potion of agility.
You feel agile all of a sudden. The adder barely misses you. x2
Unknown command.
It was a potion of might.
You feel very mighty all of a sudden. The adder closely misses you.
It was a potion of heal wounds.
That seemed strangely inert.
* * * LOW HITPOINT WARNING * * *
You feel sick. The adder misses you.
You take 1 damage, and have 4/16 hp.
It was a potion of brilliance.
You feel clever all of a sudden. You block the adder's attack.
The adder completely misses you.
* * * LOW HITPOINT WARNING * * *
You feel sick.
You take 1 damage, and have 3/16 hp.
The adder completely misses you.
* * * LOW HITPOINT WARNING * * *
You feel sick. The adder closely misses you.
You don't know that spell.
Unknown command.
You don't know that spell.
Unknown command.
Unknown command.
You don't know that spell.
Unknown command.
Unknown command.
You puncture the adder!
You kill the adder!
* * * LOW HITPOINT WARNING * * *
You feel sick.
You take 1 damage, and have 2/16 hp.
Unknown command.
Your magical contamination has completely faded away.
* * * LOW HITPOINT WARNING * * *
You feel sick.
You take 1 damage, and have 1/16 hp.
You die...

#8...8##.#...##... #.
##...!.##.#...##### #.##
_....._#.#...# #....
#.....##.#...# .....
8...8 #.####### ......
##>## #.......#
#.....####### #######.#
#.......##.##########.#
#.......@.............#
#.......############..###
......... .........#.....
..##.#############.#.###.
. ... .......<...##. ###
#############. #. #. ##


There were no monsters in sight!

Vanquished Creatures
  2 adders (D:2)
  An ooze (D:1)
  A ball python (D:1)
  3 giant cockroaches (D:1)
  3 goblins
  2 hobgoblins (D:1)
  3 jackals (D:1)
  4 bats (D:1)
  4 kobolds (D:1)
  2 rats (D:1)
25 creatures vanquished.

Notes
Turn   | Place    | Note
-------+----------+-------------------------------------------
     0 | D:1      | mhoghedin the Vine Stalker Necromancer began the quest for
                  | the Orb.
     0 | D:1      | Reached XP level 1. HP: 9/9 MP: 4/4
   317 | D:1      | Reached XP level 2. HP: 10/13 MP: 1/6
  1211 | D:1      | Learned a level 1 spell: Animate Skeleton
  1293 | D:1      | Reached XP level 3. HP: 12/16 MP: 1/8
  1363 | D:1      | Reached skill level 3 in Spellcasting
  1473 | D:1      | Learned a level 3 spell: Vampiric Draining
  1671 | D:2      | Found an iron altar of Okawaru.
  1672 | D:2      | Found an ancient bone altar of Kikubaaqudgha.
  1686 | D:2      | HP: 4/16 [poisoned by an adder]
  1692 | D:2      | HP: 3/16 [poisoned by an adder]
  1699 | D:2      | HP: 1/16 [poisoned by an adder]
  1703 | D:2      | Succumbed to an adder's poison

Levels and vault maps discovered:
D:1:      shiori_arrival_oz, layout_loops_corners
D:2:      kennysheep_big_flooded_room, layout_basic,
          nicolae_overflow_hidden_temple, kennysheep_slug_shrine,
          minmay_misc_feat_x, uniq_natasha

Skill      XL: |  1  2  3 |
---------------+----------+-----
Spellcasting   | 3 |  3.0
Dodging        | |  1.5
Stealth        | |  2.4
Necromancy     | |  4.9

Action                   || total
-------------------------++-------
Melee: Dagger            ||     2
       Bite              ||     1
 Cast: Pain              ||    51
  Use: Scroll            ||     1
       Potion            ||     4
  Eat: Chunk             ||     3
Armor: Robe              ||     1
Dodge: Dodged            ||    14
Block: Buckler           ||     1

Table legend:
 A = Non-vault XP
 B = Vault XP
 C = Vault XP percentage of total XP
 D = Non-vault monster count
 E = Vault monster count
 F = Vault count percentage of total count
                 A         B        C        D         E       F
            +---------+---------+-------+---------+---------+-------
      Total |      68 |       1 |   1.4 |      24 |       1 |   4.0
            +---------+---------+-------+---------+---------+-------
        D:1 |      40 |       1 |   2.4 |      21 |       1 |   4.5
        D:2 |      28 |       0 |   0.0 |       3 |       0 |   0.0
            +---------+---------+-------+---------+---------+-------

Levels and vault maps discovered:
D:1:      shiori_arrival_oz, layout_loops_corners
D:2:      kennysheep_big_flooded_room, layout_basic,
          nicolae_overflow_hidden_temple, kennysheep_slug_shrine,
          minmay_misc_feat_x, uniq_natasha

Table legend:
 A = Turns spent in this place as a percentage of turns spent in the entire game.
 B = Non-inter-level travel turns spent in this place as a percentage of non-inter-level travel turns spent in the entire game.
 C = Inter-level travel turns spent in this place as a percentage of turns spent in this place.
 D = Turns resting spent in this place as a percentage of non-inter-level travel turns spent in this place.
 E = Turns spent auto-exploring this place as a percentage of non-inter-level travel turns spent in this place.
 F = Non-inter-level travel turns spent in this place divided by the number of levels of this place that you've seen.
                   A       B       C       D       E      F
               +-------+-------+-------+-------+-------+----------------------
         Total | 100.0 | 100.0 |   2.1 |  44.6 |  43.0 | 834.0
       Dungeon | 100.0 | 100.0 |   2.1 |  44.6 |  43.0 | 834.0
               +-------+-------+-------+-------+-------+----------------------

Table legend:
 A = Kills in this place as a percentage of kills in entire the game.
 B = Kills by you in this place as a percentage of kills by you in the entire game.
 C = Kills by friends in this place as a percentage of kills by friends in the entire game.
 D = Other kills in this place as a percentage of other kills in the entire game.
 E = Experience gained in this place as a percentage of experience gained in the entire game.
 F = Experience gained in this place divided by the number of levels of this place that you have seen.
                   A       B       C       D       E      F
               +-------+-------+-------+-------+-------+----------------------
         Total | 100.0 | 100.0 |   N/A |   N/A | 100.0 |  34.5
       Dungeon | 100.0 | 100.0 |   N/A |   N/A | 100.0 |  34.5
               +-------+-------+-------+-------+-------+----------------------
